 Dungeon Crawl Stone Soup version 0.21.1-1-g345015f (webtiles) character file.

4139 pk666 the Thaumaturge (level 10, -1/50 HPs)
             Began as a Deep Elf Wizard on Feb 10, 2018.
             Was a Follower of Vehumet.
             Slain by a wight
             ... wielding a +0 spear
              (3 damage)
             ... on level 8 of the Dungeon.
             The game lasted 00:43:52 (11118 turns).

pk666 the Thaumaturge (Deep Elf Wizard)            Turns: 11118, Time: 00:43:53

Health: -1/50      AC:  2    Str:  4    XL:     10   Next: 7%
Magic:  28/35      EV: 17    Int: 27    God:    Vehumet [*.....]
Gold:   590        SH:  0    Dex: 13    Spells: 14/30 levels left

rFire    . . .     SeeInvis .   k - +2 dagger (holy)
rCold    . . .     Gourm    .   (no shield)
rNeg     . . .     Faith    .   a - +0 robe
rPois    .         Spirit   .   b - +0 hat
rElec    .         Reflect  .   L - scarf {cloud immunity}
rCorr    .         Harm     .   (no gloves)
MR       +....                  (no boots)
Stlth    ++........             (no amulet)
HPRegen  0.16/turn              s - ring of magical power
MPRegen  0.24/turn              H - +3 ring of evasion

@: very slightly contaminated, drained
A: no striking features
a: Renounce Religion


You were on level 8 of the Dungeon.
You worshipped Vehumet.
Vehumet was aware of your devotion.
You were not hungry.

You visited 2 branches of the dungeon, and saw 10 of its levels.

You collected 590 gold pieces.

Inventory:

Hand Weapons
 k - a +2 dagger of holy wrath (weapon)
Missiles
 f - 272 stones
 o - 9 tomahawks (quivered)
Armour
 a - a +0 robe (worn)
 b - a +0 hat (worn)
 g - a +0 cloak
 L - a scarf of cloud immunity (worn)
Jewellery
 s - a ring of magical power (left hand)
 z - an uncursed ring of resist corrosion {unknown}
 D - a +3 ring of protection
 H - a +3 ring of evasion (right hand)
 I - a cursed -2 ring of strength {unknown}
 J - an uncursed amulet of harm {unknown}
Wands
 p - a wand of paralysis (21)
 v - a wand of iceblast (10)
 A - a wand of polymorph (15)
 F - a wand of flame (30)
Scrolls
 h - 9 scrolls of identify {unknown}
 i - a scroll of amnesia {unknown}
 j - 2 scrolls of blinking {unknown}
 n - 8 scrolls of remove curse {unknown}
 t - 2 scrolls of fog {unknown}
 x - 7 scrolls of teleportation {unknown}
 y - a scroll of noise {unknown}
 B - a scroll of fear {unknown}
 E - a scroll of immolation {unknown}
 K - a scroll of enchant weapon {unknown}
Potions
 e - 3 potions of resistance
 l - 2 potions of lignification
 m - 2 potions of haste
 q - a potion of experience {unknown}
 r - a potion of flight
 u - 2 potions of berserk rage {unknown}
 G - a potion of cancellation
Books
 c - a book of Minor Magic

   Spells                             Type                      Level
   a - Magic Dart                     Conjuration                  1
   b - Blink                          Translocation                2
   c - Call Imp                       Summoning                    2
   d - Slow                           Hexes                        2
   e - Conjure Flame                  Conjuration/Fire             3
   f - Mephitic Cloud                 Conjuration/Poison/Air       3
 w - a book of Conjurations

   Spells                             Type                      Level
   a - Magic Dart                     Conjuration                  1
   b - Searing Ray                    Conjuration                  2
   c - Dazzling Spray                 Conjuration/Hexes            3
   d - Fulminant Prism                Conjuration/Hexes            4
   e - Force Lance                    Conjuration/Translocation    4
   f - Iskenderun's Mystic Blast      Conjuration                  4
 C - a book of Necromancy

   Spells                             Type                      Level
   a - Pain                           Necromancy                   1
   b - Animate Skeleton               Necromancy                   1
   c - Vampiric Draining              Necromancy                   3
   d - Regeneration                   Charms/Necromancy            3
   e - Animate Dead                   Necromancy                   4
   f - Borgnjor's Vile Clutch         Necromancy/Earth             5
Comestibles
 d - 18 rations
 M - 3 chunks of flesh


   Skills:
 - Level 5.0(4.1) Dodging
 - Level 2.4(1.5) Stealth
 + Level 10.7(9.6) Spellcasting
 + Level 9.3(8.3) Conjurations
 - Level 3.6(2.7) Charms
   Level 1.1(0.2) Summonings
 - Level 7.0(6.0) Necromancy
 - Level 1.1(0.2) Translocations
 + Level 4.8(3.9) Fire Magic
 - Level 1.0(0.2) Air Magic
 - Level 2.0(1.1) Poison Magic


You had 14 spell levels left.
You knew the following spells:

 Your Spells              Type           Power        Failure   Level  Hunger
a - Magic Dart            Conj           ####         1%          1    None
b - Regeneration          Chrm/Necr      #####.....   2%          3    None
c - Animate Dead          Necr           N/A          3%          4    None
d - Conjure Flame         Conj/Fire      #####...     1%          3    None
e - Blink                 Tloc           N/A          6%          2    None
z - Mephitic Cloud        Conj/Pois/Air  ####....     3%          3    None


Dungeon Overview and Level Annotations

Branches:
Dungeon (9/15)             Temple (1/1) D:6            Lair (0/6) D:8
    Orc: D:9-12

Altars:
Ashenzari
Cheibriados
Dithmenos
Elyvilon
Fedhas
Gozag
Hepliaklqana
Kikubaaqudgha
Makhleb
Nemelex Xobeh
Okawaru
Qazlal
Ru
Sif Muna
Trog
Uskayaw
Vehumet
Wu Jian
Xom
Yredelemnul
Zin
The Shining One


Message History

Confirm with . or Enter, or press ? or * to list all spells.
You blink.
The centaur misses you. The wight hits you with a spear!
You feel drained.
* * * LOW HITPOINT WARNING * * *
Casting: Blink
Confirm with . or Enter, or press ? or * to list all spells.
You blink.
The centaur wields a shortbow.
The centaur shoots an arrow.
The arrow hits you!
* * * LOW HITPOINT WARNING * * *
The centaur shoots an arrow.
The arrow closely misses you.
Casting: Blink
Confirm with . or Enter, or press ? or * to list all spells.
Aiming: Mephitic Cloud
Press: ? - help, Shift-Dir - straight line, f - centaur
Aim: a centaur, wielding a shortbow You miscast Mephitic Cloud.
You are very lightly contaminated with residual magic.
You feel weak for a moment.
The wight hits you from afar with a spear.
You die...

##.....#........######
##..############## #
#..## ##..## #....# #
##....# #### # #.##..#
###..## #
#.##..#######.....## #
#....###@......#...# #
###### #..########.##
#zc# ##.## # #z##
##.#### #># ##..## #.#
#.... #.## ##... #..#
#...# #..#######
##..##


You could see a centaur and 2 wights.

Vanquished Creatures
  Joseph (D:7)
  Sigmund (D:2)
  4 yaks (D:8)
  Menkaure (D:7)
  A water moccasin (D:7)
  3 porcupines (D:8)
  An ice beast (D:6)
  4 ogres
  A sky beast (D:6)
  A phantom (D:7)
  2 black bears (D:8)
  A centaur (D:6)
  6 bullfrogs
  A water moccasin zombie (D:7)
  2 scorpions
  4 killer bees (D:7)
  2 howler monkeys
  5 crimson imps
  A quasit (D:7)
  2 bullfrog skeletons (D:8)
  A centaur zombie (D:4)
  2 hounds
  A jelly (D:5)
  Crazy Yiuf (D:7)
  2 orc priests (D:6)
  3 orc wizards
  4 iguanas
  5 worker ants
  A howler monkey skeleton (D:7)
  10 adders
  2 adder zombies
  3 worms
  2 dart slugs
  3 leopard geckos
  17 orcs
  4 giant cockroaches
  7 goblins
  A hobgoblin (D:1)
  16 jackals
  3 quokkas
  A ball python (D:4)
  8 bats
  4 frilled lizards
  A jackal zombie (D:5)
  4 kobolds
  A leopard gecko skeleton (D:4)
  A leopard gecko zombie (D:5)
  7 rats
159 creatures vanquished.

Vanquished Creatures (others)
  13 fungi
13 creatures vanquished.

Grand Total: 172 creatures vanquished

Notes
Turn   | Place    | Note
-------+----------+-------------------------------------------
     0 | D:1      | pk666 the Deep Elf Wizard began the quest for the Orb.
     0 | D:1      | Reached XP level 1. HP: 10/10 MP: 7/7
   425 | D:1      | Reached XP level 2. HP: 15/15 MP: 5/9
   979 | D:2      | Reached skill level 5 in Spellcasting
  1174 | D:2      | Noticed a moth of wrath
  1177 | D:2      | Reached XP level 3. HP: 19/19 MP: 9/11
  1182 | D:2      | Learned a level 3 spell: Mephitic Cloud
  1182 | D:2      | Found a bloodstained altar of Trog.
  1469 | D:2      | Noticed Sigmund
  1820 | D:2      | Killed Sigmund
  1820 | D:2      | Reached skill level 6 in Spellcasting
  1820 | D:2      | Reached XP level 4. HP: 18/24 MP: 12/14
  1820 | D:2      | Reached XP level 5. HP: 21/28 MP: 12/15
  2927 | D:3      | Found a burning altar of Makhleb.
  2933 | D:3      | Found a hazy altar of Hepliaklqana.
  2935 | D:3      | Found a shattered altar of Ashenzari.
  2944 | D:3      | Found a glowing golden altar of the Shining One.
  2961 | D:3      | Found a snail-covered altar of Cheibriados.
  3308 | D:4      | Found a white marble altar of Elyvilon.
  3351 | D:4      | Noticed an ogre
  3363 | D:4      | Killed an ogre
  3363 | D:4      | Reached XP level 6. HP: 32/32 MP: 12/17
  3396 | D:4      | Reached skill level 7 in Spellcasting
  3396 | D:4      | Reached skill level 1 in Poison Magic
  3556 | D:4      | Reached skill level 1 in Air Magic
  3732 | D:4      | Found a sacrificial altar of Ru.
  3778 | D:4      | Reached XP level 7. HP: 20/36 MP: 2/19
  3935 | D:4      | Learned a level 3 spell: Regeneration
  3940 | D:4      | Learned a level 4 spell: Animate Dead
  4022 | D:4      | Found a blossoming altar of Fedhas.
  4288 | D:5      | Entered Level 5 of the Dungeon
  4296 | D:5      | Reached skill level 5 in Conjurations
  4428 | D:5      | Reached skill level 1 in Necromancy
  5164 | D:6      | Found a staircase to the Ecumenical Temple.
  5187 | Temple   | Entered the Ecumenical Temple
  5395 | Temple   | Became a worshipper of Vehumet
  5415 | D:6      | Reached skill level 5 in Dodging
  5415 | D:6      | Reached XP level 8. HP: 41/41 MP: 14/21
  5514 | D:6      | Reached skill level 8 in Spellcasting
  6213 | D:6      | Found an ornate altar of the Wu Jian Council.
  6382 | D:5      | Learned a level 3 spell: Conjure Flame
  6418 | D:6      | Reached skill level 1 in Charms
  6637 | D:6      | Found an iron altar of Okawaru.
  7298 | D:7      | Noticed Joseph
  7338 | D:7      | Killed Joseph
  7338 | D:7      | Reached skill level 5 in Necromancy
  7472 | D:7      | Reached skill level 9 in Spellcasting
  7670 | D:7      | Found a shadowy altar of Dithmenos.
  7690 | D:7      | Reached XP level 9. HP: 34/45 MP: 10/24
  7800 | D:7      | Reached skill level 1 in Fire Magic
  7876 | D:7      | Noticed Menkaure
  7885 | D:7      | Killed Menkaure
  8032 | D:7      | Found a runed door.
  8586 | D:7      | Reached * piety under Vehumet
  8586 | D:7      | Offered knowledge of Flame Tongue by Vehumet.
  8870 | D:7      | Noticed Crazy Yiuf
  8879 | D:7      | Killed Crazy Yiuf
  9040 | D:7      | Learned a level 2 spell: Blink
  9566 | D:8      | Found a staircase to the Lair.
  9588 | D:8      | Reached skill level 10 in Spellcasting
 10884 | D:8      | Reached XP level 10. HP: 31/50 MP: 17/26
 11117 | D:8      | HP: 1/50 [centaur/arrow (11)]
 11118 | D:8      | Slain by a wight

Skill      XL: |  1  2  3  4  5  6  7  8  9 |
---------------+----------------------------+-----
Conjurations   | 2 3 4 6 7 9 |  9.3
Spellcasting   | 5 6 7 9 10 | 10.7
Dodging        | 3 4 5 |  5.0
Poison Magic   | 1 2 |  2.0
Air Magic      | 1 |  1.0
Necromancy     | 3 5 7 |  7.0
Charms         | 3 |  3.6
Fire Magic     | 4 |  4.8
Stealth        | |  2.4
Summonings     | |  1.1
Translocations | |  1.1

Action                   |  1- 3 |  4- 6 |  7- 9 | 10-12 || total
-------------------------+-------+-------+-------+-------++-------
Melee: Dagger            |    30 |    31 |    75 |       ||   136
 Cast: Magic Dart        |    93 |    78 |   436 |    19 ||   626
       Mephitic Cloud    |     5 |     1 |    33 |     3 ||    42
       Conjure Flame     |       |       |    12 |       ||    12
       Blink             |       |       |     6 |     3 ||     9
       Regeneration      |       |       |     3 |       ||     3
  Use: Potion            |       |       |    10 |       ||    10
 Stab: Confused          |     2 |     2 |    11 |       ||    15
  Eat: Chunk             |     2 |     7 |    21 |     1 ||    31
Armor: Robe              |     5 |     4 |    23 |       ||    32
       Skin              |       |    46 |       |       ||    46
Dodge: Dodged            |    15 |    25 |   118 |     5 ||   163
